 Dungeon Crawl Stone Soup version 0.28.0-1-gb440e238dd (webtiles) character file.

Game seed: 9162558549494161940

40 Morbidden the Skirmisher (level 3, 29/29 HPs)
             Began as a Demonspawn Fighter on Feb 21, 2022.
             Quit the game on level 2 of the Dungeon.
             The game lasted 00:01:14 (1345 turns).

Morbidden the Skirmisher (Demonspawn Fighter)       Turns: 1345, Time: 00:01:14

Health: 29/29      AC: 11    Str: 18    XL:     3   Next: 30%
Magic:  3/3        EV:  5    Int:  9    God:
Gold:   50         SH:  8    Dex: 12    Spells: 2/2 levels left

rFire   . . .      SeeInvis .   a - +0 war axe
rCold   . . .      Faith    .   c - +0 buckler
rNeg    . . .      Spirit   .   m - +0 plate armour
rPois   .          Reflect  .   (no helmet)
rElec   .          Harm     .   (no cloak)
rCorr   .          Rampage  .   (no gloves)
Will    .....                   (no boots)
Stlth   ..........              (no amulet)
HPRegen 0.09/turn               (no ring)
MPRegen 0.08/turn               (no ring)

@: no status effects
A: condensation shield, demonic touch 1
a: no special abilities


You were on level 2 of the Dungeon.
You visited 1 branch of the dungeon, and saw 2 of its levels.

You collected 50 gold pieces.

Inventory:

Hand Weapons
 a - a +0 war axe (weapon)
Missiles
 h - 4 boomerangs (quivered)
 i - 14 sling bullets
 l - 5 javelins
Armour
 c - a +0 buckler (worn)
 m - a +0 plate armour (worn)
Scrolls
 b - a scroll of identify {unknown}
 f - a scroll of noise {unknown}
 g - a scroll of teleportation {unknown}
Potions
 d - a potion of might
 e - a potion of curing {unknown}
 j - 2 potions of resistance {unknown}
 k - 2 potions of degeneration {unknown}


   Skills:
 * Level 3.4 Fighting
 * Level 2.4 Axes
 + Level 2.9 Armour
 * Level 0.2 Dodging
 + Level 3.0 Shields


You had 2 spell levels left.
You didn't know any spells.
Your spell library was empty.

Dungeon Overview and Level Annotations

Branches:
Dungeon (2/15)

Altars:

Annotations:
D:2 1 runed translucent door, Crazy Yiuf


Innate Abilities, Weirdness & Mutations

A meltable shield of frost defends you. (SH +4)
Your touch may inflict minor irresistible damage on your foes.


Message History

No target in view!
No target in view!
No target in view!
No target in view!
No target in view!
No target in view!
No target in view!
No target in view!
No target in view!
Things that are here:
an adder corpse; a bat corpse A ball python comes into view.
A ball python is nearby!
You slash the ball python!
You kill the ball python!
You see here a ball python corpse.
Found a stone staircase leading up.
No target in view!
No target in view!
No target in view!
b - a scroll labelled ZOIWNERETH
There is a stone staircase leading up here.
A ball python comes into view.
The ball python hisses angrily.
A ball python is nearby!
You slash the ball python!
You kill the ball python!
No target in view!
No target in view!
No target in view!
No target in view!
No target in view!
No target in view!
No target in view!
You now have 50 gold pieces (gained 8).
Found a leather armour.
Found a stone staircase leading down.
You see here a ball python corpse.
A frilled lizard comes into view.
The frilled lizard hisses angrily.
Are you sure you want to abandon this character and quit the game? (Confirm with "yes".)

....##.# ##...##
###....####.....##
#....†.........#
###.######......##
.##.# #.#...##
.##.# #.##.####
.##.# #..†....#
###.# ####.##.# #
#.##### #.##@# #
#[....#####.##.# #
###.........>#.#
#####.....###.##.#
..........# ####.#
####......# #.# #
#......# #l# #
#.###..# #.# ##
#.###..######.


You could see a frilled lizard.

Vanquished Creatures
  An adder (D:2)
  2 dart slugs (D:1)
  2 endoplasms (D:2)
  A giant cockroach (D:2)
  3 goblins (D:1)
  4 hobgoblins (D:1)
  A kobold (D:1)
  3 ball pythons
  3 bats
  3 frilled lizards (D:2)
  4 rats
27 creatures vanquished.

Notes
Turn   | Place    | Note
-------+----------+-------------------------------------------
     0 | D:1      | Morbidden the Demonspawn Fighter began the quest for the
                  | Orb.
     0 | D:1      | Reached XP level 1. HP: 18/18 MP: 1/1
   187 | D:1      | Gained mutation: A meltable shield of frost defends you.
                  | (SH +4) [demonic ancestry]
   187 | D:1      | Reached XP level 2. HP: 24/24 MP: 2/2
   445 | D:1      | Found a faded altar of an unknown god.
   918 | D:2      | Found a runed translucent door.
   919 | D:2      | Noticed Crazy Yiuf
  1151 | D:2      | Gained mutation: Your touch may inflict minor irresistible
                  | damage on your foes. [demonic ancestry]
  1151 | D:2      | Reached XP level 3. HP: 29/29 MP: 3/3
  1345 | D:2      | Quit the game

Illustrated notes

Levels and vault maps discovered:
D:1:      minmay_arrival_stair_chambers, layout_basic,
          dreamdust_ecumenical_altar_grove, minmay_misc_feat_hallway,
          serial_bayou_lagoon_b
D:2:      layout_loops_ring, uniq_crazy_yiuf_cottage, uniq_robin

Skill      XL: |  1  2 |
---------------+-------+-----
Axes           | 2 |  2.4
Shields        | 3 |  3.0
Fighting       | |  3.4
Armour         | |  2.9
Dodging        | |  0.2

Action                   || total
-------------------------++-------
Melee: War axe           ||    69
Armor: Scale mail        ||    21
       Plate armour      ||     5
Dodge: Dodged            ||    22
Block: Buckler           ||    33
